 Dungeon Crawl Stone Soup version 0.29.0-13-gc9e81de378 (webtiles) character file.

Game seed: 5917301787631420140

2872 H0rd4k the Ducker (level 10, -1/69 (73) HPs)
             Began as a Human Artificer on Sept 9, 2022.
             Slain by a wight
             ... wielding a +4 flail
              (11 damage)
             ... on level 7 of the Dungeon.
             The game lasted 00:16:17 (9271 turns).

H0rd4k the Ducker (Human Artificer)                 Turns: 9271, Time: 00:16:17

HP:   -1/69 (73)    AC:  8    Str: 16    XL:     10   Next: 5%
MP:   9/17          EV: 15    Int: 19    God:
Gold: 338           SH:  5    Dex: 19    Spells: 15/18 levels left

rFire   . . .      SeeInvis .   L - +2 dagger (venom)
rCold   . . .      Faith    .   (no shield)
rNeg    + . .      Spirit   .   s - +4 robe of Augmentation {Str+4 Int+4 Dex+4}
rPois   +          Reflect  +   (no helmet)
rElec   .          Harm     .   (no cloak)
rCorr   .          Rampage  .   (no gloves)
Will    .....                   j - +1 pair of boots
Stlth   ++........              u - amulet of reflection
HPRegen 0.21/turn               F - ring of positive energy
MPRegen 0.15/turn               v - ring of poison resistance

@: drained
A: no striking features
a: no special abilities


You were on level 7 of the Dungeon.
You visited 2 branches of the dungeon, and saw 9 of its levels.

You collected 338 gold pieces.

Inventory:

Hand Weapons
 b - a +0 double sword
 L - a +2 dagger of venom (weapon)
 N - a +4 dagger
Missiles
 t - 11 poisoned darts (quivered)
 A - 3 datura-tipped darts
 D - 9 atropa-tipped darts
Armour
 j - a +1 pair of boots (worn)
 s - the +4 robe of Augmentation (worn) {Str+4 Int+4 Dex+4}
   (You found it on level 2 of the Dungeon)

   Str:       It affects your strength (+4).
   Int:       It affects your intelligence (+4).
   Dex:       It affects your dexterity (+4).
Magical Staves
 f - a staff of cold
Jewellery
 u - an amulet of reflection (around neck)
 v - a ring of poison resistance (right hand)
 F - a ring of positive energy (left hand)
 J - a ring of protection from fire
Wands
 d - a wand of charming (15)
Scrolls
 c - a scroll of blinking {unknown}
 g - a scroll of magic mapping {unknown}
 k - 2 scrolls of butterflies {unknown}
 l - 2 scrolls of torment
 m - 3 scrolls of immolation {unknown}
 n - a scroll of vulnerability {unknown}
 q - 2 scrolls of identify
 r - 2 scrolls of enchant weapon {unknown}
 y - 2 scrolls of fear {unknown}
 B - a scroll of noise {unknown}
 C - 2 scrolls of summoning {unknown}
 E - a scroll of amnesia {unknown}
 G - a scroll of brand weapon {unknown}
 H - 2 scrolls of teleportation {unknown}
Potions
 a - a potion of lignification {unknown}
 e - a potion of curing
 h - a potion of brilliance {unknown}
 i - a potion of berserk rage {unknown}
 o - a potion of cancellation {unknown}
 p - a potion of heal wounds
 w - a potion of attraction {unknown}
 x - 2 potions of magic
 z - a potion of haste
 I - 2 potions of flight
 K - a potion of mutation {unknown}
 M - a potion of invisibility {unknown}


   Skills:
 + Level 4.5 Fighting
 * Level 3.1(4.3) Short Blades
 + Level 4.5(5.0) Long Blades
 - Level 4.8 Maces & Flails
 + Level 1.2 Throwing
 - Level 2.0 Armour
 + Level 5.4 Dodging
 - Level 1.0 Stealth
 + Level 1.6 Shields
 * Level 4.9 Spellcasting
 * Level 4.5 Summonings
 - Level 3.0 Evocations


You had 15 spell levels left.
You knew the following spells:

 Your Spells              Type           Power      Damage    Failure   Level
a - Call Canine Familiar  Summ           21%        N/A       6%          3

Your spell library contained the following spells:

 Spells                   Type           Power      Damage    Failure   Level
 Call Imp                 Summ           21%        N/A       3%          2
 Beastly Appendage        Tmut           8%         N/A       13%         1
 Magic Dart               Conj           16%        1d3       13%         1
 Necrotise                Necr           16%        1d4       13%         1
 Wereblood                Tmut           4%         N/A       19%         2
 Ignite Poison            Fire/Tmut/Pois 4%         N/A       36%         3
 Mephitic Cloud           Conj/Pois/Air  4%         N/A       36%         3
 Portal Projectile        Hex/Tloc       8%         N/A       36%         3
 Spider Form              Tmut/Pois      4%         N/A       36%         3
 Tukima's Dance           Hex            4%         N/A       36%         3
 Vampiric Draining        Necr           4%         2d6       36%         3
 Leda's Liquefaction      Hex/Erth       2%         N/A       77%         4
 Agony                    Necr           4%         N/A       98%         5
 Blade Hands              Tmut           2%         N/A       98%         5
 Freezing Cloud           Conj/Ice/Air   2%         6-21      98%         5


Dungeon Overview and Level Annotations

Branches:
Dungeon (8/15)             Temple (1/1) D:4
   Lair: D:8-11

Altars:
Ashenzari
Cheibriados
Dithmenos
Elyvilon
Fedhas
Hepliaklqana
Kikubaaqudgha
Makhleb
Nemelex Xobeh
Okawaru
Qazlal
Ru
Sif Muna
Trog
Uskayaw
Wu Jian
Xom
Zin
The Shining One

Shops:
D:5 *

Annotations:
D:3 Ijyb
D:4 Duvessa
D:6 exclusion: ogre
D:7 exclusion: downstairs


Message History

You hit the wight.
The wight is moderately damaged.
Your hound bites the wight.
The wight misses your hound. Something completely misses your hound.
Your hound bites the wight but does no damage.
You hit the wight but do no damage. You punch the wight, but do no damage.
The wight is heavily damaged.
The wight closely misses you. Something misses your hound.
Your hound bites the wight.
You hit the wight but do no damage.
The wight is severely damaged.
Your hound misses the wight. The wight hits you with a +4 flail!
* * * LOW HITPOINT WARNING * * *
Something hits your hound!
The wight hits your hound with a +4 falchion!
Your hound dies!
Your hound's corpse disappears in a puff of smoke!
You hit the wight but do no damage.
The wight is severely damaged.
You hit the wight but do no damage.
The wight is severely damaged.
The wight barely misses you.
You hit the wight but do no damage.
The wight is severely damaged.
The wight hits you with a +4 flail!
* * * LOW HITPOINT WARNING * * *
Unknown command.
The wight misses you.
You climb upwards.
Level annotation: exclusion: downstairs
There is a stone staircase leading down here.
The wight attacks as you move away! The wight hits you with a +4 flail!
* * * LOW HITPOINT WARNING * * *
You partially resist.
You feel drained.
Okay, then.
You feel better. The wight hits you with a +4 flail!
* * * LOW HITPOINT WARNING * * *
You feel better. The wight closely misses you.
The wight attacks as you move away! The wight hits you with a +4 flail!
You die...

#..# ###...##
#)#........# #..#
###...###
#)#..).....#
#..####......##
#.##(#######
##.....)[......##
#...........
#..#####........##
######...... .###
#.........#
##...... ###
#.........#
##..###.# ..##
##.......### #...#
### #..###
##......@.##
##..## #....#
##...##.z.###
#...# ##...##
########...###..##
###...#
##>......## #
##..#
###.........## ##
####
##.......##...##
.#
##.......#####..##
.## ##........#
##..## ..#
#....._...#
##.#..###


You could see a wight.

Vanquished Creatures
  Sigmund (D:3)
  2 yaks
  2 water moccasins
  A black bear (D:8)
  3 centaurs
  A phantom (D:7)
  A kobold brigand (D:7)
  2 bullfrogs (D:7)
  2 scorpions
  2 wights (D:8)
  3 killer bees (D:8)
  4 hounds
  3 orc priests
  An iguana (D:7)
  Jessica (D:2)
  Natasha (thrice) (D:2)
  Terence (D:3)
  5 orc wizards
  Robin (D:3)
  7 adders
  A white imp (D:7)
  An ufetubus (D:7)
  A worm (D:4)
  14 orcs
  6 endoplasms
  2 giant cockroaches
  14 goblins
  12 hobgoblins
  6 jackals
  4 quokkas
  5 ball pythons
  6 bats
  9 frilled lizards
  8 kobolds
  5 rats
140 creatures vanquished.

Vanquished Creatures (collateral kills)
  2 yaks (D:8)
  A centaur (D:5)
  2 wights (D:8)
  Dowan (D:4)
  A howler monkey (D:8)
  An orc priest (D:4)
  An orc wizard (D:4)
  An adder (D:4)
  An orc (D:4)
  A ball python (D:4)
  An endoplasm (D:4)
13 creatures vanquished.

Vanquished Creatures (others)
  A hound (D:4)
  An iguana (D:5)
  An orc wizard (D:4)
  22 plants
25 creatures vanquished.

Grand Total: 178 creatures vanquished

Notes
Turn   | Place    | Note
-------+----------+-------------------------------------------
     0 | D:1      | H0rd4k the Human Artificer began the quest for the Orb.
     0 | D:1      | Reached XP level 1. HP: 15/15 MP: 1/1
   324 | D:1      | Reached XP level 2. HP: 17/21 MP: 2/2
   981 | D:1      | Reached skill level 1 in Maces & Flails
  1338 | D:2      | Found a faded altar of an unknown god.
  1365 | D:2      | Reached XP level 3. HP: 26/27 MP: 3/3
  1407 | D:2      | Noticed Jessica
  1408 | D:2      | Killed Jessica
  1409 | D:2      | Reached skill level 2 in Dodging
  1431 | D:2      | Noticed Natasha
  1442 | D:2      | Killed Natasha
  1443 | D:2      | Reached XP level 4. HP: 4/33 MP: 4/4
  1727 | D:2      | Found the +4 robe of Augmentation {Str+4 Int+4 Dex+4}
  2346 | D:2      | Reached XP level 5. HP: 38/38 MP: 5/5
  2427 | D:2      | Noticed Natasha
  2445 | D:2      | Killed Natasha
  2718 | D:2      | Reached skill level 1 in Spellcasting
  2908 | D:2      | Noticed Natasha
  2909 | D:2      | Killed Natasha
  3002 | D:3      | Noticed Sigmund
  3006 | D:3      | Killed Sigmund
  3007 | D:3      | Reached skill level 3 in Dodging
  3007 | D:3      | Reached XP level 6. HP: 43/46 MP: 6/8
  3017 | D:3      | Found a blossoming altar of Fedhas.
  3072 | D:3      | Noticed Terence
  3085 | D:3      | Killed Terence
  3086 | D:3      | Reached XP level 7. HP: 52/52 MP: 9/9
  3290 | D:3      | Noticed Robin
  3458 | D:4      | Found a staircase to the Ecumenical Temple.
  3490 | Temple   | Entered the Ecumenical Temple
  3849 | D:4      | Noticed Dowan
  3852 | D:4      | Noticed Duvessa
  3895 | D:4      | Killed Dowan
  3929 | D:3      | Killed Robin
  4183 | D:3      | Noticed Ijyb
  4383 | D:5      | Entered Level 5 of the Dungeon
  4383 | D:5      | Found Pirch's Lightly-Used Armoury.
  4676 | D:5      | Noticed a water moccasin
  4755 | D:5      | Reached skill level 4 in Dodging
  5039 | D:5      | Reached skill level 1 in Throwing
  5057 | D:5      | Learned a level 3 spell: Call Canine Familiar
  5327 | D:5      | Killed a water moccasin
  5328 | D:5      | Reached XP level 8. HP: 53/58 MP: 10/12
  5944 | D:6      | Reached skill level 1 in Summonings
  6443 | D:7      | Found a hazy altar of Hepliaklqana.
  6445 | D:7      | Found a hide-covered altar of Uskayaw.
  6446 | D:7      | Found a shimmering blue altar of Sif Muna.
  6469 | D:7      | Reached skill level 1 in Long Blades
  7686 | D:7      | Reached XP level 9. HP: 54/65 MP: 11/14
  7937 | D:7      | Reached skill level 1 in Short Blades
  8056 | D:7      | Reached skill level 5 in Dodging
  8116 | D:8      | Reached skill level 1 in Shields
  9160 | D:8      | Reached XP level 10. HP: 27/73 MP: 10/17
  9267 | D:7      | HP: 3/70 [wight/+4 flail (12)]
  9271 | D:7      | Slain by a wight

Illustrated notes

Levels and vault maps discovered:
D:1:      evilmike_arrival_plus, layout_basic, minmay_misc_feat_five
D:2:      minmay_chambers_of_ones, layout_loops_ring, serial_forest,
          infiniplex_forest_straight_3, infiniplex_forest_clump_small,
          infiniplex_forest_clump_small, infiniplex_forest_lined_room_2,
          infiniplex_forest_clump_cross, infiniplex_forest_lined_room_,
          infiniplex_forest_corner_1, infiniplex_forest_straight_5,
          infiniplex_forest_clump_diagonal, basic_ecumenical_altar,
          grunt_ministairs_10, minmay_lizard_king, uniq_jessica, uniq_natasha
D:3:      layout_basic, mainiacjoe_overflow_chevrons, uniq_ijyb, uniq_sigmund,
          uniq_robin, uniq_terence
D:4:      layout_basic, minmay_temple_entry_steel_oval,
          kennysheep_generic_room_6, uniq_duvessa
D:5:      layout_cave_pods, minmay_shop_damaged, st_stairs_3, minivault_19,
          serial_bayou_lake_a
D:6:      layout_gridville, minmay_misc_feat_alley
D:7:      layout_cave_pods, chequers_temple_overflow_statue_of_worship,
          minivault_25, feat_on_display
D:8:      layout_loops_ring, grunt_ministairs_1
Temple:   nicolae_temple_no_exploring_needed

Skill      XL: |  1  2  3  4  5  6  7  8  9 |
---------------+----------------------------+-----
Maces & Flails | 1 2 3 4 |  4.8
Fighting       | 2 3 4 |  4.5
Dodging        | 2 3 4 5 |  5.4
Spellcasting   | 1 2 3 4 |  4.9
Throwing       | 1 |  1.2
Summonings     | 2 4 |  4.5
Long Blades    | 3 4 |  4.5
Short Blades   | 3 |  3.1
Shields        | 1 |  1.6
Armour         | |  2.0
Stealth        | |  1.0
Evocations     | |  3.0

Action                   |  1- 3 |  4- 6 |  7- 9 | 10-12 || total
-------------------------+-------+-------+-------+-------++-------
Melee: Club              |    97 |   121 |   243 |       ||   461
       Punch             |       |     1 |    11 |     1 ||    13
       Double sword      |       |       |   112 |       ||   112
       Dagger            |       |       |   139 |     8 ||   147
Throw: Dart              |       |    10 |     9 |       ||    19
 Cast: Call Canine Famil |       |       |    17 |     6 ||    23
Evoke: Wand              |     3 |    11 |    28 |       ||    42
  Use: Scroll            |       |       |     4 |       ||     4
       Potion            |       |       |       |     2 ||     2
 Stab: Sleeping          |     3 |     3 |     4 |       ||    10
Armor: Leather armour    |    39 |     1 |       |       ||    40
       Robe              |       |    39 |   185 |       ||   224
Dodge: Dodged            |    68 |    92 |   352 |    10 ||   522
Block: Other             |       |       |    57 |     2 ||    59
       Reflection        |       |       |     2 |     1 ||     3
